 Dungeon Crawl Stone Soup version 0.23.0-3-gf3c87f2 (webtiles) character file.

Game seed: 3160485998509479700

900 mopl the Ruffian (level 7, -1/62 HPs)
             Began as a Troll Hunter on Feb 21, 2019.
             Slain by Menkaure (13 damage)
             ... on level 4 of the Dungeon.
             The game lasted 00:05:28 (3266 turns).

mopl the Ruffian (Troll Hunter)                     Turns: 3266, Time: 00:05:29

Health: -1/62      AC:  9    Str: 21    XL:     7   Next: 79%
Magic:  6/6        EV: 10    Int:  7    God:
Gold:   150        SH:  0    Dex: 16    Spells: 6/6 levels left

rFire    . . .     SeeInvis .     - Unarmed
rCold    . . .     Gourm    +   (no shield)
rNeg     . . .     Faith    .   x - +1 robe {MR+}
rPois    .         Spirit   .   (helmet restricted)
rElec    .         Reflect  .   w - +1 cloak
rCorr    .         Harm     .   (gloves unavailable)
MR       +....                  (boots unavailable)
Stlth    ++........             (no amulet)
HPRegen  0.60/turn              o - +4 ring of dexterity
MPRegen  0.10/turn              (no ring)

@: no status effects
A: large, unfitting armour, claws 3, fast metabolism 3, gourmand, regeneration
1, shaggy fur 1, tough skin 3
a: no special abilities


You were on level 4 of the Dungeon.
You were very full.

You visited 1 branch of the dungeon, and saw 4 of its levels.

You collected 150 gold pieces.

Inventory:

Missiles
 b - 5 tomahawks
 c - 9 large rocks
 d - a throwing net
 g - 133 stones (quivered)
 h - 18 poisoned needles
 m - 18 sling bullets
Armour
 w - a +1 cloak (worn)
 x - a +1 robe of magic resistance (worn)
Jewellery
 o - a +4 ring of dexterity (left claw)
Wands
 y - a wand of polymorph (5)
Scrolls
 a - 4 scrolls of teleportation {unknown}
 i - a scroll of fear {unknown}
 l - a scroll of random uselessness {unknown}
 n - 3 scrolls of identify {unknown}
 p - a scroll of noise {unknown}
 q - a scroll of fog {unknown}
 r - 2 scrolls of remove curse {unknown}
 t - 2 scrolls of immolation {unknown}
 v - a scroll of amnesia {unknown}
 C - a scroll of enchant armour {unknown}
Potions
 e - a potion of cancellation {unknown}
 j - a potion of haste
 k - a potion of ambrosia {unknown}
 s - a potion of agility
 u - 2 potions of curing {unknown}
 z - a potion of mutation {unknown}
 A - a potion of heal wounds {unknown}
 B - 2 potions of might {unknown}
Comestibles
 f - 6 rations


   Skills:
 - Level 1.5 Fighting
 + Level 5.9 Throwing
 - Level 1.5 Dodging
 - Level 0.3 Stealth
 * Level 7.2 Unarmed Combat


You had 6 spell levels left.
You didn't know any spells.
Your spell library was empty.

Dungeon Overview and Level Annotations

Branches:
Dungeon (4/15)
 Temple: D:4-7

Altars:

Annotations:
D:4 Menkaure


Innate Abilities, Weirdness & Mutations

You are too large for most types of armour.
You have claws for hands.
Your metabolism is lightning-fast.
You like to eat raw meat.
Your natural rate of healing is unusually fast.
You are covered in fur. (AC +1)
You have extremely tough skin. (AC +3)


Message History

You are too injured to fight recklessly!
You scratch Menkaure.
Menkaure is lightly damaged.
Menkaure casts a spell at you. You resist with some effort.
You barely miss Menkaure.
Menkaure is lightly damaged.
Menkaure hits you.
* * * LOW HITPOINT WARNING * * *
You scratch Menkaure.
Menkaure is moderately damaged.
Menkaure barely misses you.
You scratch Menkaure but do no damage.
Menkaure is moderately damaged.
The phantom blinks!
Menkaure hits you.
* * * LOW HITPOINT WARNING * * *
You barely miss Menkaure.
Menkaure is moderately damaged.
Menkaure hits you!
You die...

....#..))##.......##..#
. ...#####.#
##....###..# ...##
##.###.......#...
......#).##.......#
.#.. #...............#
####.
.................# #.
.......##§.......#
>...... ##....W..#
##..... #@.....###
#......#M#...§..#
..$.#...............
..# #..............
##.........#..#
#.....###.##### ......#
## #....##


You could see a phantom and Menkaure.

Vanquished Creatures
  Grinder (D:4)
  Sigmund (D:3)
  Crazy Yiuf (D:2)
  An orc priest (D:3)
  A gnoll shaman (D:3)
  2 orc wizards
  Jessica (D:3)
  Natasha (thrice) (D:2)
  Terence (D:2)
  A worker ant (D:4)
  7 gnolls
  8 adders
  3 oozes
  2 worms
  A dart slug (D:1)
  2 leopard geckos (D:2)
  8 orcs
  3 ball pythons
  9 bats
  2 giant cockroaches
  8 goblins
  8 hobgoblins
  7 jackals
  A quokka (D:3)
  11 frilled lizards
  A jackal skeleton (D:4)
  10 kobolds
  A leopard gecko skeleton (D:4)
  12 rats
117 creatures vanquished.

Notes
Turn   | Place    | Note
-------+----------+-------------------------------------------
     0 | D:1      | mopl the Troll Hunter began the quest for the Orb.
     0 | D:1      | Reached XP level 1. HP: 19/19 MP: 0/0
    86 | D:1      | Reached skill level 1 in Unarmed Combat
   179 | D:1      | Reached XP level 2. HP: 27/27 MP: 1/1
   346 | D:1      | Reached skill level 2 in Unarmed Combat
   421 | D:1      | Reached XP level 3. HP: 33/33 MP: 2/2
   715 | D:2      | Reached skill level 4 in Throwing
  1117 | D:2      | Noticed Terence
  1129 | D:2      | Killed Terence
  1129 | D:2      | Reached skill level 3 in Unarmed Combat
  1129 | D:2      | Reached XP level 4. HP: 38/41 MP: 3/3
  1415 | D:2      | Found a faded altar of an unknown god.
  1415 | D:2      | Noticed Natasha
  1437 | D:2      | Killed Natasha
  1532 | D:2      | Reached XP level 5. HP: 48/48 MP: 4/4
  1572 | D:2      | Found a runed translucent door.
  1573 | D:2      | Noticed Crazy Yiuf
  1586 | D:2      | Killed Crazy Yiuf
  1586 | D:2      | Reached skill level 4 in Unarmed Combat
  1883 | D:3      | Noticed Jessica
  1888 | D:3      | Killed Jessica
  1947 | D:3      | Noticed Sigmund
  2041 | D:2      | Noticed Natasha
  2048 | D:2      | Killed Natasha
  2048 | D:2      | Reached XP level 6. HP: 21/55 MP: 5/5
  2338 | D:2      | Noticed Natasha
  2347 | D:2      | Killed Natasha
  2416 | D:3      | Reached skill level 5 in Unarmed Combat
  2524 | D:3      | Killed Sigmund
  2524 | D:3      | Reached skill level 5 in Throwing
  2701 | D:3      | Reached XP level 7. HP: 53/62 MP: 6/6
  2745 | D:3      | Reached skill level 6 in Unarmed Combat
  2999 | D:4      | Noticed Grinder
  3053 | D:4      | Paralysed by Grinder for 7 turns
  3166 | D:4      | Killed Grinder
  3166 | D:4      | Reached skill level 7 in Unarmed Combat
  3247 | D:4      | Noticed Menkaure
  3266 | D:4      | Slain by Menkaure

Skill      XL: |  1  2  3  4  5  6  7 |
---------------+----------------------+-----
Unarmed Combat | 1 2 3 4 5 7 |  7.2
Throwing       | 4 5 |  5.9
Fighting       | |  1.5
Dodging        | |  1.5
Stealth        | |  0.3

Action                   |  1- 3 |  4- 6 |  7- 9 || total
-------------------------+-------+-------+-------++-------
Melee: Unarmed           |   128 |   178 |    95 ||   401
       Punch             |     1 |     3 |     3 ||     7
Throw: Throwing net      |       |     2 |       ||     2
       Stone             |       |     1 |     9 ||    10
 Stab: Held in net/web   |       |     1 |       ||     1
       Sleeping          |       |     1 |       ||     1
  Eat: Chunk             |    16 |    15 |     3 ||    34
Armor: Robe              |    64 |    61 |    36 ||   161
Dodge: Dodged            |    77 |    63 |    48 ||   188
